 Dungeon Sprint DCSS version 0.28-a0-479-g5baa6b73be (webtiles) character file.

Game seed: 9191226742831295823

2 MikeHunt the Insei (level 1, -3/18 HPs)
             Began as a Demonspawn Chaos Knight on Sept 17, 2021.
             Was a Plaything of Xom.
             Killed by nerve-wracking pain
             ... invoked by Jessica
              (11 damage)
             ... in the Dungeon (Sprint III: "The Ten Rune Challenge").
             The game lasted 00:00:20 (47 turns).

MikeHunt the Insei (Demonspawn Chaos Knight)          Turns: 47, Time: 00:00:20

Health: -3/18      AC:  5    Str: 12    XL:     1   Next: 33%
Magic:  1/1        EV: 11    Int: 13    God:    Xom [..*...]
Gold:   0          SH:  0    Dex: 12    Spells: 0/0 levels left

rFire   . . .      SeeInvis .     - Unarmed
rCold   . . .      Faith    .   (no shield)
rNeg    . . .      Spirit   .   a - +2 leather armour
rPois   .          Reflect  .   (no helmet)
rElec   .          Harm     .   (no cloak)
rCorr   .          Rampage  .   (no gloves)
Will    .....      NoTele   +   (no boots)
Stlth   +.........              h - amulet of magic regeneration
HPRegen 0.06/turn               (no ring)
MPRegen 0.32/turn               (no ring)

@: no status effects
A: no striking features
a: Renounce Religion


You were in the Dungeon.
You worshipped Xom.
You were a toy of Xom.
You visited 1 branch

Inventory:

Armour
 a - a +2 leather armour (worn)
Jewellery
 h - an amulet of magic regeneration (around neck)
Scrolls
 g - a scroll of blinking
Potions
 b - a potion of curing
 c - a potion of heal wounds
 d - a potion of haste
 e - 2 potions of magic
 f - a potion of berserk rage


   Skills:
 - Level 3.0 Fighting
 - Level 1.7 Armour
 - Level 0.8 Dodging
 + Level 3.7 Unarmed Combat


You couldn't memorise any spells.
You didn't know any spells.
Your spell library was empty.

Dungeon Overview and Level Annotations

Branches:
Dungeon (1/1)

Altars:

Annotations:
D Jessica


Message History

You start putting on your amulet.
You continue putting on your amulet of magic regeneration. x5
You finish putting on your amulet of magic regeneration.
h - an amulet of magic regeneration (around neck)
You start resting. "Let's try an experiment, hmmm?"
Your potion of berserk rage falls out of your pack, then immediately jumps back in!
You open the door.
Jessica the Apprentice Sorceress comes into view.
She is wielding a +0 club.
A rat comes into view.
Found 2 scrolls labelled ICLEWN XOMOUB.
There is an open door here.
You hit the rat.
You kill the rat!
No target in view!
No target in view!
You see here a rat corpse.
Jessica gestures wildly while chanting.
Jessica blinks!
There is an open door here.
You see here a rat corpse. "I wonder...
What does this button do?"
Your eyebrows briefly feel incredibly bushy.
You hit Jessica.
Jessica is moderately wounded.
Jessica gestures at you while chanting. Pain shoots through your body!
You are too injured to fight recklessly!
You are too injured to fight recklessly!
You are too injured to fight recklessly!
You hit Jessica.
Jessica is heavily wounded.
Jessica hits you with a +0 club.
You closely miss Jessica.
Jessica is heavily wounded.
Jessica casts a spell at you. Pain shoots through your body!
Ouch! That really hurt!
You die...
Xom giggles madly!

▓▓▓▓
▓<.#
▓..#
▓#'####
▓.....#
▓.....#
▓...@.#
▓####@#
▓@....#
▓...§.#
▓.....#
▓+#####


You could see Jessica.

Vanquished Creatures
  An endoplasm (D)
  2 rats (D)
3 creatures vanquished.

Notes
Turn   | Place    | Note
-------+----------+-------------------------------------------
     0 | D        | MikeHunt the Demonspawn Chaos Knight began the quest for
                  | the Orb.
     0 | D        | Reached XP level 1. HP: 18/18 MP: 1/1
    32 | D        | XOM: silly message
    33 | D        | Noticed Jessica
    43 | D        | XOM: silly message
    47 | D        | Killed from afar by Jessica

Illustrated notes

Levels and vault maps discovered:
D:        dungeon_sprint_mu [sprint_mu_entry_forest, sprint_mu_temple_rooms,
          sprint_mu_d1_horrors, sprint_mu_d2_genie, sprint_mu_d3_branching,
          sprint_mu_orc_legion, sprint_mu_elf_gauntlet, sprint_mu_hive_nellie,
          sprint_mu_lair_fedhas, sprint_mu_vaults_butterflies,
          sprint_mu_slime_circle, sprint_mu_swamp_cave, sprint_mu_shoals_kraken,
          sprint_mu_blade_basic, sprint_mu_crypt_fortress,
          sprint_mu_tomb_spiral, sprint_mu_vestibule_basic,
          sprint_mu_gehenna_hellfire, sprint_mu_dis_giant,
          sprint_mu_tartarus_statrot, sprint_mu_cocytus_islands, sprint_mu_zot1]

Skill      XL: |  1 |
---------------+----+-----
Unarmed Combat | 3 |  3.7
Fighting       | |  3.0
Armour         | |  1.7
Dodging        | |  0.8

Action                   || total
-------------------------++-------
Melee: Unarmed           ||    10
Dodge: Dodged            ||     3

Table legend: (Time is in decaauts)
 A = Elapsed time spent in this place.
 B = Non-inter-level travel time spent in this place.
 C = Inter-level travel time spent in this place.
 D = Time resting spent in this place.
 E = Time spent auto-exploring this place.
 F = Levels seen in this place.
 G = Mean time per level.
                   A        B        C        D        E       F      G
               +--------+--------+--------+--------+--------+-----+--------+
         Total |     46 |     46 |      0 |     15 |      0 |   1 |   46.0 |
       Dungeon |     46 |     46 |      0 |     15 |      0 |   1 |   46.0 |
               +--------+--------+--------+--------+--------+-----+--------+

Top non-repeatable levels by time:
       D: 46 daAuts
